 Dungeon Crawl Stone Soup version 0.29-a0-468-ge57f7f99b4 (webtiles) character file.

Game seed: 10589452733994486492

41 dolemite99 the Twirler (level 3, -2/27 HPs)
             Began as a Demonspawn Gladiator on May 22, 2022.
             Killed from afar by Natasha (4 damage)
             ... with a magic dart
             ... on level 2 of the Dungeon.
             The game lasted 00:00:59 (1387 turns).

dolemite99 the Twirler (Demonspawn Gladiator)       Turns: 1387, Time: 00:00:59

Health: -2/27      AC:  4    Str: 16    XL:     3   Next: 32%
Magic:  3/3        EV: 12    Int:  9    God:
Gold:   122        SH:  0    Dex: 14    Spells: 2/2 levels left

rFire   . . .      SeeInvis .   a - +0 quarterstaff
rCold   . . .      Faith    .   (shield currently unavailable)
rNeg    . . .      Spirit   .   b - +0 leather armour
rPois   .          Reflect  .   c - +0 helmet
rElec   .          Harm     .   (no cloak)
rCorr   .          Rampage  .   (no gloves)
Will    .....                   (no boots)
Stlth   +.........              (no amulet)
HPRegen 0.09/turn               (no ring)
MPRegen 0.08/turn               (no ring)

@: slowed, very slow
A: claws 1
a: no special abilities


You were on level 2 of the Dungeon.
You visited 1 branch of the dungeon, and saw 2 of its levels.

You collected 122 gold pieces.

Inventory:

Hand Weapons
 a - a +0 quarterstaff (weapon)
Missiles
 d - 3 throwing nets (quivered)
 e - a javelin
Armour
 b - a +0 leather armour (worn)
 c - a +0 helmet (worn)
Magical Staves
 k - a staff of poison
Jewellery
 m - a ring of willpower
Scrolls
 f - 3 scrolls of identify {unknown}
 g - a scroll of teleportation {unknown}
 h - 2 scrolls of immolation {unknown}
 l - 2 scrolls of blinking {unknown}
Potions
 i - 2 potions of attraction {unknown}
 j - 2 potions of heal wounds {unknown}
 n - 2 potions of invisibility {unknown}


   Skills:
 - Level 2.0 Fighting
 + Level 4.0 Staves
 - Level 1.7 Throwing
 - Level 2.6 Dodging


You had 2 spell levels left.
You didn't know any spells.
Your spell library was empty.

Dungeon Overview and Level Annotations

Branches:
Dungeon (2/15)

Altars:

Annotations:
D:2 Natasha


Innate Abilities, Weirdness & Mutations

You have sharp fingernails.


Message History

The rat bites you. Natasha misses you.
You closely miss Natasha.
Natasha is moderately wounded.
The rat bites you. Natasha casts a spell at you. The magic dart hits you!
You are too injured to fight recklessly!
You are too injured to fight recklessly!
You are too injured to fight recklessly!
You closely miss the rat. The rat misses you. Natasha barely misses you.
You hit Natasha.
Natasha is moderately wounded.
The rat bites you but does no damage.
Natasha mumbles some strange words.
You hit Natasha but do no damage.
Natasha is moderately wounded.
Natasha casts a spell at you.
You feel yourself slow down. The rat misses you.
You hit Natasha but do no damage.
Natasha is moderately wounded.
Natasha claws you!
* * * LOW HITPOINT WARNING * * *
The rat bites you but does no damage. x2; Natasha barely misses you.
You hit Natasha.
Natasha is heavily wounded.
The crimson imp hits you.
* * * LOW HITPOINT WARNING * * *
Natasha casts a spell.
The rat closely misses you.
The crimson imp hits you but does no damage.
Natasha mumbles some strange words.
The rat bites you but does no damage.
You barely miss Natasha.
Natasha is heavily wounded.
The crimson imp hits you.
* * * LOW HITPOINT WARNING * * *
The rat misses you. Natasha casts a spell at you. The magic dart hits you.
You die...

#......# #.###†## #>###
#.# #..# ## #...# #.#
#..+ ##.###'...####
#.###.## #.#..........#.
...##.####.##.##........
.#....##..........5...^.
...#####.#)##.##.r5.....
#.## #.#.##...@h..(...
#.# #.#.†.....5......
#.# ####.########....$..
..###..†.# #...[.#
####..#..# #...##
.....###.# ####
####..#..# ##...## ####


You could see Natasha, 2 crimson imps, a shadow imp (summoned) and a rat.

Vanquished Creatures
  An adder (D:2)
  2 dart slugs (D:1)
  2 bats (D:2)
  2 endoplasms
  A giant cockroach (D:2)
  5 goblins
  7 kobolds
  2 ball pythons
  2 frilled lizards
  6 rats
30 creatures vanquished.

Notes
Turn   | Place    | Note
-------+----------+-------------------------------------------
     0 | D:1      | dolemite99 the Demonspawn Gladiator began the quest for the
                  | Orb.
     0 | D:1      | Reached XP level 1. HP: 16/16 MP: 1/1
    97 | D:1      | Reached skill level 3 in Staves
   135 | D:1      | Gained mutation: You have sharp fingernails. [demonic
                  | ancestry]
   135 | D:1      | Reached XP level 2. HP: 19/22 MP: 2/2
   986 | D:2      | Reached XP level 3. HP: 24/27 MP: 3/3
  1218 | D:2      | Reached skill level 4 in Staves
  1372 | D:2      | Noticed Natasha
  1387 | D:2      | Killed from afar by Natasha

Illustrated notes

Levels and vault maps discovered:
D:1:      dpeg_arrival_more_subterranean_lakeside_camping, layout_rooms
D:2:      layout_loops_ring, hellmonk_ecumenical_altar_slurped_away,
          dk_noncrumbling_3, uniq_natasha, uniq_jessica

Skill      XL: |  1  2  3 |
---------------+----------+-----
Staves         | 3 4 |  4.0
Fighting       | |  2.0
Throwing       | |  1.7
Dodging        | |  2.6

Action                   || total
-------------------------++-------
Melee: Quarterstaff      ||    86
Armor: Leather armour    ||    28
Dodge: Dodged            ||    46

Table legend: (Time is in decaauts)
 A = Elapsed time spent in this place.
 B = Non-inter-level travel time spent in this place.
 C = Inter-level travel time spent in this place.
 D = Time resting spent in this place.
 E = Time spent auto-exploring this place.
 F = Levels seen in this place.
 G = Mean time per level.
                   A        B        C        D        E       F      G
               +--------+--------+--------+--------+--------+-----+--------+
         Total |   1401 |   1384 |     17 |     64 |   1064 |   2 |  700.5 |
       Dungeon |   1401 |   1384 |     17 |     64 |   1064 |   2 |  700.5 |
               +--------+--------+--------+--------+--------+-----+--------+

Top non-repeatable levels by time:
     D:1: 870 daAuts
     D:2: 531 daAuts
